 Dungeon Crawl Stone Soup version 0.20.1-1-g8b1a95d66d (webtiles) character file.

458 Hvezdomuz the Slasher (level 6, -3/51 HPs)
             Began as a Draconian Warper on Nov 30, 2017.
             Slain by Pikel
             ... wielding a +2 whip of freezing
              (6 damage)
             ... on level 4 of the Dungeon.
             The game lasted 00:30:58 (3600 turns).

Hvezdomuz the Slasher (Draconian Warper)            Turns: 3600, Time: 00:30:59

Health: -3/51      AC:  6    Str: 13      XL:     6   Next: 77%
Magic:  4/10       EV: 13    Int: 15      God:
Gold:   190        SH:  0    Dex:  9 (11) Spells: 3/10 levels left

rFire    . . .     SeeInvis .   a - +0 falchion
rCold    . . .     Gourm    .   (no shield)
rNeg     . . .     Faith    .   (armour unavailable)
rPois    .         Spirit   .   (helmet restricted)
rElec    .         Reflect  .   (no cloak)
rCorr    .         Harm     .   (no gloves)
MR       .....                  (no boots)
Stlth    +.........             (no amulet)
Regen    0.2/turn               (no ring)
MPRegen  0.2/turn               (no ring)

@: slowed, very slow
A: unfitting armour, cold-blooded, AC +6
a: no special abilities


You were on level 4 of the Dungeon.
You were not hungry.

You visited 1 branch of the dungeon, and saw 4 of its levels.

You collected 190 gold pieces.

Inventory:

Hand Weapons
 a - a +0 falchion (weapon)
 r - a cursed -3 mace
 u - a +3 quarterstaff of protection
 A - a +4 short sword
Missiles
 d - 5 tomahawks of dispersal (quivered)
Armour
 e - a +0 leather armour
 k - a +0 pair of gloves
 l - a cursed +0 leather armour
 w - a +2 chain mail of poison resistance
Wands
 x - a wand of random effects (25/48)
 C - a wand of flame (14/48)
Scrolls
 c - a scroll of blinking
 g - a scroll of fear {unknown}
 h - a scroll of immolation {unknown}
 n - 4 scrolls of recharging {unknown}
 o - 3 scrolls of remove curse {unknown}
 q - 3 scrolls of identify {unknown}
 s - 3 scrolls of random uselessness {unknown}
 v - 2 scrolls of amnesia {unknown}
Potions
 j - a potion of degeneration
 m - a potion of ambrosia {unknown}
 p - a potion of haste
 t - a potion of berserk rage {unknown}
 z - a potion of invisibility {unknown}
 B - a potion of cancellation {unknown}
Books
 b - a book of Spatial Translocations

   Spells                             Type                      Level
   a - Blink                          Translocation                2
   b - Shroud of Golubria             Charms/Translocation         2
   c - Lesser Beckoning               Translocation                3
   d - Gell's Gravitas                Translocation                3
   e - Teleport Other                 Translocation                3
   f - Passage of Golubria            Translocation                4
 y - a book of Callings

   Spells                             Type                      Level
   a - Summon Small Mammal            Summoning                    1
   b - Call Imp                       Summoning                    2
   c - Call Canine Familiar           Summoning                    3
   d - Summon Guardian Golem          Hexes/Summoning              3
   e - Summon Lightning Spire         Summoning/Air                4
   f - Summon Ice Beast               Ice/Summoning                4
Comestibles
 f - 3 bread rations


   Skills:
 + Level 3.4 Fighting
 + Level 4.8 Long Blades
 + Level 0.8 Throwing
 + Level 3.7 Dodging
 + Level 1.1 Stealth
 + Level 2.8 Spellcasting
 + Level 0.8 Charms
 + Level 3.5 Translocations


You had 3 spell levels left.
You knew the following spells:

 Your Spells              Type           Power        Failure   Level  Hunger
a - Shroud of Golubria    Chrm/Tloc      #.........   13%         2    ##.....
b - Blink                 Tloc           N/A          8%          2    ##.....
c - Gell's Gravitas       Tloc           ##........   14%         3    ###....


Dungeon Overview and Level Annotations

Branches:
Dungeon (4/15)
 Temple: D:4-7

Altars:
Ashenzari
Elyvilon
Gozag
The Shining One

Annotations:
D:4 Pikel


Innate Abilities, Weirdness & Mutations

Your plain brown scales are hard. (AC +6)
You cannot fit into any form of body armour.
You are cold-blooded and may be slowed by cold attacks.


Message History

You closely miss Pikel.
Pikel is severely wounded.
Pikel hits you with a whip of freezing. Pikel freezes you.
Pikel hits you with a whip of freezing. Pikel freezes you.
You completely miss Pikel.
Pikel is severely wounded.
Pikel hits you with a whip of freezing!
* * * LOW HITPOINT WARNING * * *
Pikel freezes you.
* * * LOW HITPOINT WARNING * * *
You barely miss Pikel.
Pikel is severely wounded.
The walls and floor vibrate strangely for a moment.
Pikel completely misses you.
You hit Pikel but do no damage.
Pikel is severely wounded.
Pikel hits you with a whip of freezing!
* * * LOW HITPOINT WARNING * * *
You feel yourself slow down. Pikel freezes you.
You die...

#..........#..#####..#
#. ............#..# #..#
#. ##.....######..# #..#
#. #..... #..# #.## #.
.###(.. #..#####.# #.
...). #........# ##
..... #.##.##### #
....pa##.#...###########
....OpK@................
....pp####....######....
..... ##.#.# #)### ....
###.# #.# $.. .# #.###
#. #.#.. # #.#.# #.#.#
#....


You could see Pikel, an ogre, 4 slaves and a worker ant.

Vanquished Creatures
  4 electric eels (D:4)
  A hound (D:4)
  Terence (D:3)
  Natasha (thrice) (D:3)
  A worker ant (D:4)
  Ijyb (D:3)
  A hound skeleton (D:4)
  5 adders
  An ooze (D:1)
  An adder skeleton (D:4)
  A worm (D:3)
  2 dart slugs
  A leopard gecko (D:2)
  5 orcs (D:4)
  9 bats (D:1)
  2 giant cockroaches
  6 goblins
  4 hobgoblins
  A quokka (D:3)
  7 frilled lizards
  7 kobolds
  3 rats
  2 fungi (D:1)
  A plant (D:4)
70 creatures vanquished.

Notes
Turn   | Place    | Note
-------+----------+-------------------------------------------
     0 | D:1      | Hvezdomuz the Draconian Warper began the quest for the Orb.
     0 | D:1      | Reached XP level 1. HP: 17/17 MP: 3/3
   117 | D:1      | Reached XP level 2. HP: 19/24 MP: 5/5
   121 | D:1      | Learned a level 2 spell: Shroud of Golubria
   124 | D:1      | Learned a level 2 spell: Blink
   691 | D:1      | Reached XP level 3. HP: 18/30 MP: 1/6
  1204 | D:2      | Found a glowing golden altar of the Shining One.
  1639 | D:2      | Found an opulent altar of Gozag.
  1991 | D:3      | Noticed Natasha
  2018 | D:3      | Killed Natasha
  2018 | D:3      | Reached skill level 3 in Long Blades
  2018 | D:3      | Reached XP level 4. HP: 23/37 MP: 4/7
  2024 | D:3      | Learned a level 3 spell: Gell's Gravitas
  2128 | D:3      | Found a white marble altar of Elyvilon.
  2211 | D:3      | Noticed Natasha
  2219 | D:3      | Killed Natasha
  2434 | D:3      | Noticed Terence
  2487 | D:3      | Killed Terence
  2487 | D:3      | Reached skill level 1 in Stealth
  2487 | D:3      | Reached XP level 5. HP: 42/42 MP: 6/8
  2551 | D:3      | Noticed Natasha
  2563 | D:3      | Killed Natasha
  2831 | D:3      | Noticed Ijyb
  2851 | D:3      | Killed Ijyb
  2923 | D:3      | Reached skill level 4 in Long Blades
  3113 | D:4      | Found a transporter.
  3133 | D:4      | Found a transporter.
  3194 | D:4      | Reached XP level 6. HP: 27/51 MP: 5/9
  3461 | D:4      | Found a shattered altar of Ashenzari.
  3581 | D:4      | Noticed Pikel
  3581 | D:4      | Noticed a slave
  3581 | D:4      | Noticed a slave
  3581 | D:4      | Noticed a slave
  3581 | D:4      | Noticed a slave
  3600 | D:4      | Slain by Pikel

Skill      XL: |  1  2  3  4  5 |
---------------+----------------+-----
Long Blades    | 3 4 |  4.8
Dodging        | 3 |  3.7
Stealth        | 1 |  1.1
Fighting       | 3 |  3.4
Throwing       | |  0.8
Spellcasting   | |  2.8
Charms         | |  0.8
Translocations | |  3.5

Action                   |  1- 3 |  4- 6 || total
-------------------------+-------+-------++-------
Melee: Falchion          |   144 |   217 ||   361
       Tailslap          |    17 |    23 ||    40
 Cast: Shroud of Golubri |     2 |     7 ||     9
       Gell's Gravitas   |       |     5 ||     5
Evoke: Wand              |       |     6 ||     6
  Use: Potion            |       |     4 ||     4
 Stab: Sleeping          |     2 |       ||     2
  Eat: Meat ration       |     1 |       ||     1
       Chunk             |       |     2 ||     2
       Royal jelly       |       |     2 ||     2
Armor: Skin              |    46 |    57 ||   103
Dodge: Dodged            |    97 |   120 ||   217
       Rpst.: Falchion   |    38 |    35 ||    73
